 Dungeon Crawl Stone Soup version 0.28.0 (webtiles) character file.

Game seed: 10826179848292920099

1551 hawla the Twirler (level 8, -12/66 HPs)
             Began as a Deep Elf Fire Elementalist on Feb 17, 2022.
             Was an Initiate of Vehumet.
             Mangled by a two-headed ogre (20 damage)
             ... on level 7 of the Dungeon on Feb 18, 2022.
             The game lasted 00:27:07 (8597 turns).

hawla the Twirler (Deep Elf Fire Elementalist)      Turns: 8597, Time: 00:27:09

Health: -12/66     AC:  3    Str:  5    XL:     8   Next: 57%
Magic:  20/20      EV: 13    Int: 23    God:    Vehumet [......]
Gold:   277        SH:  0    Dex: 15    Spells: 10/20 levels left

rFire   . . .      SeeInvis .   g - staff of earth
rCold   . . .      Faith    .   (no shield)
rNeg    . . .      Spirit   .   a - +1 robe
rPois   .          Reflect  .   (no helmet)
rElec   .          Harm     .   (no cloak)
rCorr   .          Rampage  .   (no gloves)
Will    .....                   (no boots)
Stlth   ..........              (no amulet)
HPRegen 0.21/turn               (no ring)
MPRegen 0.17/turn               (no ring)

@: berserking, about to teleport, slowed
A: no striking features
a: Renounce Religion


You were on level 7 of the Dungeon.
You worshipped Vehumet.
Vehumet was noncommittal.
You visited 2 branches of the dungeon, and saw 8 of its levels.

You collected 277 gold pieces.

Inventory:

Hand Weapons
 f - a +1 hand axe of venom
Missiles
 e - 4 javelins
 h - 10 boomerangs
 j - 10 poisoned darts (quivered)
Armour
 a - a +1 robe (worn)
Magical Staves
 g - a staff of earth (weapon)
Scrolls
 d - a scroll of amnesia
Potions
 c - 2 potions of magic {unknown}
 k - a potion of flight
 l - 2 potions of attraction {unknown}
 m - 2 potions of degeneration {unknown}


   Skills:
 - Level 2.0 Fighting
 + Level 7.6 Staves
 - Level 1.0 Throwing
 - Level 3.0 Dodging
 - Level 3.0 Stealth
 + Level 6.7 Spellcasting
 - Level 3.0 Conjurations
 - Level 5.0 Fire Magic
 - Level 1.0 Earth Magic
 - Level 1.0 Evocations


You had 10 spell levels left.
You knew the following spells:

 Your Spells              Type           Power      Damage    Failure   Level
a - Foxfire               Conj/Fire      100%       2x1d9     1%          1
b - Scorch                Fire           60%        2d8       1%          2
c - Conjure Flame         Conj/Fire      26%        6-21      4%          3
d - Flame Wave            Conj/Fire      26%        2d7       16%         4

Your spell library contained the following spells:

 Spells                   Type           Power      Damage    Failure   Level
 Beastly Appendage        Tmut           14%        N/A       8%          1
 Inner Flame              Hex/Fire       19%        N/A       9%          3
 Wereblood                Tmut           7%         N/A       12%         2
 Spider Form              Tmut/Pois      7%         N/A       24%         3


Dungeon Overview and Level Annotations

Branches:
Dungeon (7/15)             Temple (1/1) D:6

Altars:
Ashenzari
Cheibriados
Elyvilon
Fedhas
Gozag
Makhleb
Nemelex Xobeh
Okawaru
Qazlal
Ru
Sif Muna
Trog
Uskayaw
Vehumet
Wu Jian
Yredelemnul
Zin
The Shining One

Annotations:
D:3 3 runed translucent doors, enile's ghost, amateur DrTm


Message History

You are yanked towards some nearby monsters!
Your surroundings suddenly seem different. 2 giant lizards, a wraith, a killer bee zombie, a two-headed ogre, a kobold demonologist and a centaur come into view.
Found seven items.
The iguana hisses angrily.
The centaur shouts!
The centaur wields a +0 shortbow.
The centaur shoots an arrow.
The arrow hits you. The iguana bites you.
The kobold demonologist casts a spell.
As you read the scroll of teleportation, it crumbles to dust.
You feel strangely unstable. The basilisk closely misses you.
The wraith hits you! The wraith drains your vigour!
You feel yourself slow down. The iguana bites you!
The white imp gestures at you. The puff of frost hits you!
* * * LOW HITPOINT WARNING * * *
The kobold demonologist gestures wildly while chanting.
A red film seems to cover your vision as you go berserk!
You feel yourself moving faster!
You feel mighty! The wraith completely misses you.
The basilisk completely misses you.
You hit the centaur!
The centaur is moderately wounded.
The killer bee zombie barely misses you.
The centaur unwields a +0 shortbow.
The centaur hits you.
* * * LOW HITPOINT WARNING * * *
The centaur closely misses you. The quasit closely misses you.
The quasit claws you but does no damage.
The quasit misses you.
The kobold demonologist looks braver for a moment.
The wraith hits you.
* * * LOW HITPOINT WARNING * * *
The wraith drains your vigour!
You feel as though you will be slow longer.
You hit the centaur!
The centaur is severely wounded.
The centaur closely misses you. x2
The killer bee zombie barely misses you.
The quasit closely misses you. The quasit misses you.
The quasit closely misses you.
The two-headed ogre hits you with a +0 giant club!!
You die...

#+# ##.##
##...##
##...5.##
#..l@c35#
#...ZOWK..#
#....[l5....#
#....[!#(!....#
####### #######


You could see a soul eater (summoned), a two-headed ogre, a kobold demonologist,
a basilisk, a wraith, a centaur, an iguana, a quasit (summoned), a crimson imp
(summoned), a white imp (summoned) and a killer bee zombie.

Vanquished Creatures
  A black bear (D:5)
  2 ice beasts
  An ogre (D:4)
  A phantom (D:5)
  A kobold brigand (D:6)
  Blork the orc (D:5)
  A scorpion (D:5)
  A gnoll sergeant (D:5)
  A water moccasin skeleton (D:4)
  2 electric eels (D:6)
  2 bullfrog zombies (D:6)
  2 hounds (D:5)
  A bullfrog skeleton (D:6)
  An orc priest (D:6)
  3 iguanas
  7 orc wizards
  A howler monkey zombie (D:6)
  5 gnolls (D:5)
  8 adders
  A shadow imp (D:5)
  A white imp (D:6)
  2 ufetubi
  3 worms
  3 dart slugs
  19 orcs
  7 ball pythons
  6 endoplasms
  5 giant cockroaches
  8 hobgoblins
  17 kobolds
  3 quokkas
  3 bats (D:1)
  5 frilled lizards
  7 goblins
  9 rats
141 creatures vanquished.

Vanquished Creatures (collateral kills)
  An orc (D:6)
1 creature vanquished.

Vanquished Creatures (others)
  An orc wizard (D:5)
  331 foxfires
332 creatures vanquished.

Grand Total: 474 creatures vanquished

Notes
Turn   | Place    | Note
-------+----------+-------------------------------------------
     0 | D:1      | hawla the Deep Elf Fire Elementalist began the quest for
                  | the Orb.
     0 | D:1      | Reached XP level 1. HP: 10/10 MP: 6/6
   188 | D:1      | Reached XP level 2. HP: 15/15 MP: 6/8
   191 | D:1      | Learned a level 2 spell: Scorch
   634 | D:1      | Reached XP level 3. HP: 20/20 MP: 7/9
  1151 | D:2      | Reached skill level 1 in Fighting
  1277 | D:2      | Reached XP level 4. HP: 23/25 MP: 8/11
  1283 | D:2      | Learned a level 3 spell: Conjure Flame
  2161 | D:3      | Found a runed translucent gate.
  2162 | D:3      | Found a runed translucent gate.
  2162 | D:3      | Found a runed translucent gate.
  2164 | D:3      | Noticed enile's ghost (amateur DrTm)
  2596 | D:3      | Found a glowing silver altar of Zin.
  2604 | D:3      | Noticed an ice beast
  2611 | D:3      | Killed an ice beast
  2612 | D:3      | Reached skill level 1 in Staves
  2612 | D:3      | Reached skill level 1 in Throwing
  2612 | D:3      | Reached skill level 1 in Earth Magic
  2612 | D:3      | Reached skill level 1 in Evocations
  2612 | D:3      | Reached XP level 5. HP: 21/29 MP: 7/13
  3299 | D:4      | Noticed an ogre
  3308 | D:4      | Killed an ogre
  3309 | D:4      | Reached skill level 2 in Staves
  3309 | D:4      | Reached XP level 6. HP: 35/35 MP: 5/14
  3625 | D:4      | Found a burning altar of Makhleb.
  3625 | D:4      | Noticed a blizzard demon
  3642 | D:4      | Found a blossoming altar of Fedhas.
  3723 | D:4      | Reached skill level 3 in Staves
  3913 | D:4      | Found a shimmering blue altar of Sif Muna.
  4069 | D:4      | Reached skill level 4 in Staves
  4465 | D:4      | Found a basalt altar of Yredelemnul.
  4869 | D:5      | Entered Level 5 of the Dungeon
  4904 | D:5      | Reached skill level 5 in Staves
  4904 | D:5      | Reached XP level 7. HP: 40/40 MP: 6/15
  4986 | D:5      | Noticed Blork the orc
  5294 | D:5      | Found a glowing golden altar of the Shining One.
  5300 | D:5      | Reached skill level 6 in Staves
  5313 | D:5      | Learned a level 4 spell: Flame Wave
  5695 | D:5      | Killed Blork the orc
  6575 | D:5      | Reached XP level 8. HP: 22/44 MP: 6/17
  6876 | D:6      | Reached skill level 5 in Spellcasting
  7060 | D:6      | Reached skill level 7 in Staves
  7060 | D:6      | Reached skill level 5 in Fire Magic
  7343 | D:6      | Found a bloodstained altar of Trog.
  7521 | D:6      | Found a staircase to the Ecumenical Temple.
  7534 | Temple   | Entered the Ecumenical Temple
  7771 | Temple   | Became a worshipper of Vehumet
  8593 | D:7      | Noticed a two-headed ogre
  8593 | D:7      | Noticed a kobold demonologist
  8595 | D:7      | Noticed a soul eater
  8597 | D:7      | Mangled by a two-headed ogre

Illustrated notes

Levels and vault maps discovered:
D:1:      dpeg_arrival_water_temple_mockup, layout_rooms
D:2:      layout_loops_cross, dk_vineyard_3
D:3:      layout_loops_corners, mainiacjoe_overflow_chevrons,
          ebering_ghost_rock_garden, grunt_decor_one_mirror,
          kennysheep_decorative_pillar, minmay_misc_feat_square
D:4:      layout_layer_cave, lemuel_blue_sif_altar,
          mainiacjoe_overflow_brackets, makhleb_altar_promises_db,
          nicolae_overflow_hidden_temple
D:5:      layout_loops_ring, mainiacjoe_overflow_small_starburst,
          uniq_blork_the_orc
D:6:      layout_gridville, trog_book, minmay_temple_entry_butterflies,
          kennysheep_donut
D:7:      minmay_chambers_of_sevens, layout_basic, minmay_gold_behind_fungi,
          kennysheep_generic_room_13
Temple:   minmay_temple_curvy_loop

Skill      XL: |  1  2  3  4  5  6  7  8 |
---------------+-------------------------+-----
Dodging        | 3 |  3.0
Stealth        | 3 |  3.0
Conjurations   | 2 3 |  3.0
Fighting       | 1 2 |  2.0
Spellcasting   | 4 6 |  6.7
Staves         | 1 2 5 6 7 |  7.6
Throwing       | 1 |  1.0
Fire Magic     | 4 5 |  5.0
Earth Magic    | 1 |  1.0
Evocations     | 1 |  1.0

Action                   |  1- 3 |  4- 6 |  7- 9 || total
-------------------------+-------+-------+-------++-------
Melee: Unarmed           |     6 |       |       ||     6
       Hand axe          |     4 |       |       ||     4
       Staff             |       |     1 |     6 ||     7
Throw: Dart              |       |       |     1 ||     1
 Cast: Foxfire           |    56 |    57 |    79 ||   192
       Scorch            |     7 |    28 |    48 ||    83
       Conjure Flame     |       |     8 |     2 ||    10
  Use: Scroll            |     2 |     5 |     8 ||    15
       Potion            |       |     1 |     2 ||     3
Armor: Robe              |    11 |     3 |     9 ||    23
Dodge: Dodged            |    31 |    20 |    56 ||   107
